 Dungeon Sprint DCSS version 0.21-a0-52-gbf49515 (webtiles) character file.

61457 Kidiri the Brawler (level 14, 0/163 HPs)
             Began as a Troll Monk on June 13, 2017.
             Was the Champion of Wu Jian.
             Slain by a naga warrior
             ... wielding the +10 flail of Fufoasta {elec, rPois rF+}
              (2 damage)
             ... in the Dungeon (Sprint V: "Ziggurat Sprint").
             The game lasted 00:24:33 (1642 turns).

Kidiri the Brawler (Troll Monk)                     Turns: 1642, Time: 00:24:33

Health: 0/163      AC: 26    Str: 28    XL:     14   Next: 60%
Magic:  13/13      EV:  6    Int:  6    God:    Wu Jian [******]
Gold:   0          SH: 35    Dex: 22    Spells: 13/13 levels left

rFire    + . .     SeeInvis .     - Unarmed
rCold    + . .     Gourm    +   F - +18 shield of the Gong {rElec rN+ MR+ EV-5}
rNeg     + . .     Faith    .   G - +5 gold dragon scales
rPois    +         Spirit   .   (helmet restricted)
rElec    +         Reflect  +   (no cloak)
rCorr    .         Harm     .   (gloves unavailable)
MR       ++...     NoTele   +   (boots unavailable)
Stlth    ..........             K - +3 amulet of reflection
Regen    0.8/turn               x - +6 ring of dexterity
MPRegen  0.2/turn               M - ring of Fimm {Wiz Str+6 Slay+4}

@: exhausted, very slightly contaminated, slowed, glowing, constricted, heavenly
storm, very slow
A: unfitting armour, claws 3, fast metabolism 3, gourmand, regeneration 1,
shaggy fur 1, tough skin 2
a: Serpent's Lash, Heavenly Storm, Renounce Religion


You were in the Dungeon.
You worshipped Wu Jian.
Wu Jian was exalted by your worship.
You were very full.

You visited 1 branch

Inventory:

Armour
 F - the +18 shield of the Gong (worn) {rElec rN+ MR+ EV-5}
   (You found it in the Dungeon)

   It affects your evasion (-5).
   It insulates you from electricity.
   It protects you from negative energy.
   It affects your resistance to hostile enchantments.
 G - +5 gold dragon scales (worn)
Jewellery
 x - a +6 ring of dexterity (left claw)
 y - a +6 ring of dexterity
 A - a +6 ring of strength
 J - the amulet "Mailifirgh" {RegenMP *Corrode +Fly Int+6 Dex+6}
   (You found it in the Dungeon)

   [amulet of magic regeneration]

   It increases your magic regeneration.
   It affects your intelligence (+6).
   It affects your dexterity (+6).
   It lets you fly.
   It may corrode you when you take damage.
 K - a +3 amulet of reflection (around neck)
 M - the ring of Fimm (right claw) {Wiz Str+6 Slay+4}
   (You found it in the Dungeon)

   [ring of wizardry]

   It improves your spell success rate.
   It affects your strength (+6).
   It affects your accuracy and damage with ranged weapons and melee attacks
   (+4).
Wands
 B - a wand of disintegration (7/24)
 C - a wand of iceblast (5/15)
 D - a wand of lightning (4/15)
 E - a wand of acid (5/15)
Scrolls
 a - a scroll of brand weapon
 h - 3 scrolls of blinking
 l - 4 scrolls of enchant weapon
 o - 4 scrolls of amnesia
 p - 3 scrolls of recharging
 q - 7 scrolls of fog
 r - a scroll of holy word
 s - 5 scrolls of identify
 t - 5 scrolls of remove curse
 u - 2 scrolls of fear
Potions
 c - 9 potions of curing
 e - 18 potions of haste
 f - 7 potions of magic
 g - 3 potions of berserk rage
 i - 2 potions of brilliance
 j - 2 potions of invisibility
 k - 4 potions of resistance
 m - 5 potions of agility
 n - 5 potions of might
Comestibles
 b - 6 bread rations
 v - 42 fruits
 w - 4 meat rations


   Skills:
 * Level 16.7 Fighting
 + Level 12.3 Armour
 * Level 16.7 Dodging
 + Level 10.8 Stealth
 + Level 12.3 Shields
 * Level 19.3 Unarmed Combat


You had 13 spell levels left.
You didn't know any spells.

Dungeon Overview and Level Annotations

Branches:
Dungeon (1/1)

Altars:
Ashenzari
Cheibriados
Dithmenos
Elyvilon
Fedhas
Gozag
Hepliaklqana
Kikubaaqudgha
Makhleb
Nemelex Xobeh
Okawaru
Qazlal
Ru
Sif Muna
Trog
Uskayaw
Vehumet
Wu Jian
Xom
Yredelemnul
Zin
The Shining One
Beogh
Jiyva
Lugonu


Innate Abilities, Weirdness & Mutations

You are too large for most types of armour.
You have claws for hands.
Your metabolism is lightning-fast.
You like to eat raw meat.
Your natural rate of healing is unusually fast.
You are covered in fur. (AC +1)
You have very tough skin. (AC +2)


Message History

The naga warrior spits poison at you. The splash of poison misses you.
The splash of poison hits the naga mage.
The guardian serpent gestures with its tail.
The nagaraja hits you but does no damage.
You claw the naga mage!
The naga mage is heavily wounded.
The naga mage casts a spell at you.
The poison arrow reflects off an invisible shield around you!
BONNNG!
The poison arrow hits the naga mage.
The naga mage partially resists.
The naga mage is poisoned.
The guardian serpent gestures with its tail.
You block the nagaraja's attack.
GONNNNG!
You block the naga warrior's attack.
GONNNNG!
The naga warrior hits you with the +10 flail of Fufoasta {elec, rPois rF+}!
* * * LOW HITPOINT WARNING * * *
You die...

...8▓▓...............▓...........
..._▓▓...............▓...........
...8▓▓...............▓..▓.)))...▓
..._▓▓...............▓.▓▓▓.%)).▓▓
...8▓▓....§..N.......▓..▓....|..▓
..._▓▓...▓§§§§§..▓...▓...........
_8_8▓▓....N§N.§§S§§..▓........!..
▓▓▓▓▓▓....§§§.§SNN§..▓▓▓▓▓▓▓▓▓▓▓▓
▓....§NN§SN@N§..▓.....8©8...
▓▓▓▓▓▓▓▓▓▓▓▓▓▓▓▓▓..}}:=)).[.
▓...[}.))[:| ▓...........
▓........... ▓...........
▓........... ▓...........
▓..▓.......▓


You could see 2 naga warriors, a nagaraja, 2 guardian serpents, a naga mage and
a water moccasin.

Vanquished Creatures
  A greater mummy (D)
  A deep elf master archer (D)
  2 tentacled starspawn (D)
  A thorn hunter (D)
  A spriggan defender (D)
  A very ugly thing (D)
  2 vampire knights (D)
  An entropy weaver (D)
  2 black draconians (D)
  A dire elephant (D)
  2 apis (D)
  3 red draconians (D)
  3 green draconians (D)
  A purple draconian (D)
  A deep elf annihilator (D)
  A white draconian (D)
  A naga warrior (D)
  A hydra (D)
  2 spriggan air magi (D)
  2 anacondas (D)
  A death scarab (D)
  A satyr (D)
  A dancing weapon (D)
  A thrashing horror (D)
  A vampire mage (D)
  2 spriggan berserkers (D)
  2 wretched stars (D)
  4 deep elf knights (D)
  A skeletal warrior (D)
  A spriggan druid (D)
  A shambling mangrove (D)
  A deep elf archer (D)
  3 necromancers (D)
  A deep elf mage (D)
  2 wolf spiders (D)
  2 oklob plants (D)
  2 orb spiders (D)
  3 guardian serpents (D)
  6 black mambas (D)
  An orange demon (D)
  2 spiny frogs (D)
  2 demonic crawlers (D)
  6 jumping spiders (D)
  An ancient zyme (D)
  6 hornets (D)
  2 hippogriffs (D)
  3 wind drakes (D)
  2 small abominations (D)
  A flying skull (D)
  A shadow (D)
  4 spriggans (D)
  2 vampires (D)
  A tarantella (D)
  An ushabti (D)
  5 yaks (D)
  A basilisk (D)
  3 fire elementals (D)
  A neqoxec (D)
  A chaos spawn (D)
  2 large abominations (D)
  3 porcupines (D)
  7 water moccasins (D)
  4 black bears (D)
  3 phantoms (D)
  2 necrophages (D)
  8 wolves (D)
  2 crocodiles (D)
  A bullfrog (D)
  2 scorpions (D)
  A wight (D)
  3 quasits (D)
  2 crimson imps (D)
  An iron imp (D)
  An iguana (D)
  4 mummies (D)
  An adder (D)
  A river rat (D)
  3 shadow imps (D)
  A white imp (D)
  4 ufetubi (D)
  2 adder skeletons (D)
  An adder zombie (D)
  A bat skeleton (D)
  A jackal (D)
  A jackal skeleton (D)
  A leopard gecko skeleton (D)
  2 quokka skeletons (D)
  A quokka zombie (D)
  4 starspawn tentacles (D)
182 creatures vanquished.

Vanquished Creatures (others)
  2 black draconians (D)
  3 spatial maelstroms (D)
  2 white imps (D)
  An ufetubus (D)
  3 starspawn tentacles (D)
11 creatures vanquished.

Grand Total: 193 creatures vanquished

Notes
Turn   | Place    | Note
-------+----------+-------------------------------------------
     0 | D        | Kidiri the Troll Monk began the quest for the Orb.
     0 | D        | Reached XP level 1. HP: 22/22 MP: 0/0
     0 | D        | Found a deep blue altar of Sif Muna.
     0 | D        | Found a sacrificial altar of Ru.
     0 | D        | Found a bloodstained altar of Trog.
     0 | D        | Found a stormy altar of Qazlal.
     0 | D        | Found an iron altar of Okawaru.
     0 | D        | Found a sparkling altar of Nemelex Xobeh.
     0 | D        | Found a blossoming altar of Fedhas.
     2 | D        | Found a transporter.
     2 | D        | Found an ancient bone altar of Kikubaaqudgha.
     2 | D        | Found a viscous altar of Jiyva.
     2 | D        | Found a corrupted altar of Lugonu.
     2 | D        | Found a hazy altar of Hepliaklqana.
     2 | D        | Found a burning altar of Makhleb.
     2 | D        | Found an opulent altar of Gozag.
     7 | D        | Banished a spatial maelstrom
    10 | D        | Banished a spatial maelstrom
    28 | D        | Banished a spatial maelstrom
    53 | D        | Became a worshipper of the Wu Jian Council
    53 | D        | Reached * piety under Wu Jian
    53 | D        | Reached ** piety under Wu Jian
    54 | D        | Reached skill level 1 in Armour
    54 | D        | Reached skill level 1 in Shields
    54 | D        | Reached skill level 4 in Unarmed Combat
    54 | D        | Reached XP level 2. HP: 32/32 MP: 1/1
    69 | D        | Entered arena 2.
    69 | D        | Found a transporter.
    73 | D        | Reached skill level 5 in Unarmed Combat
    80 | D        | Identified the Almanac of Intoxication and Moulding (You found it in the Dungeon)
    84 | D        | Identified the Almanac of Intoxication and Moulding (You found it in the Dungeon)
   103 | D        | Entered arena 3.
   103 | D        | Noticed a wight
   103 | D        | Noticed a phantom
   103 | D        | Found a transporter.
   114 | D        | Killed a wight
   114 | D        | Reached *** piety under Wu Jian
   114 | D        | Reached XP level 3. HP: 31/40 MP: 2/2
   119 | D        | Killed a phantom
   119 | D        | Reached skill level 5 in Fighting
   119 | D        | Reached skill level 5 in Dodging
   119 | D        | Reached skill level 6 in Unarmed Combat
   119 | D        | Reached XP level 4. HP: 42/50 MP: 3/3
   119 | D        | Reached XP level 5. HP: 48/57 MP: 4/4
   160 | D        | Entered arena 4.
   160 | D        | Noticed a phantom
   160 | D        | Noticed a phantom
   160 | D        | Found a transporter.
   174 | D        | Killed a phantom
   174 | D        | Reached **** piety under Wu Jian
   174 | D        | Reached skill level 7 in Unarmed Combat
   177 | D        | Killed a phantom
   177 | D        | Reached XP level 6. HP: 63/67 MP: 5/5
   256 | D        | Entered arena 5.
   256 | D        | Noticed a spriggan
   256 | D        | Found a transporter.
   264 | D        | Reached skill level 8 in Unarmed Combat
   266 | D        | Killed a spriggan
   266 | D        | Reached ***** piety under Wu Jian
   266 | D        | Reached XP level 7. HP: 73/78 MP: 6/6
   270 | D        | Reached skill level 9 in Unarmed Combat
   291 | D        | Entered arena 6.
   291 | D        | Noticed a jumping spider
   291 | D        | Noticed a jumping spider
   291 | D        | Noticed a jumping spider
   291 | D        | Found a transporter.
   301 | D        | Killed a jumping spider
   301 | D        | Reached skill level 5 in Armour
   301 | D        | Reached skill level 5 in Shields
   301 | D        | Reached XP level 8. HP: 43/88 MP: 7/7
   302 | D        | Killed a jumping spider
   306 | D        | Killed a jumping spider
   306 | D        | Reached skill level 10 in Unarmed Combat
   375 | D        | Entered arena 7.
   379 | D        | Found a transporter.
   407 | D        | Entered arena 8.
   407 | D        | Noticed a spiny frog
   407 | D        | Noticed a spiny frog
   411 | D        | Found a transporter.
   414 | D        | Killed a spiny frog
   415 | D        | Reached XP level 9. HP: 83/98 MP: 8/8
   421 | D        | Killed a spiny frog
   421 | D        | Reached skill level 11 in Unarmed Combat
   440 | D        | Entered arena 9.
   443 | D        | Found a transporter.
   456 | D        | Reached ****** piety under Wu Jian
   503 | D        | Entered arena 10.
   506 | D        | Found a transporter.
   514 | D        | Reached skill level 10 in Fighting
   514 | D        | Reached skill level 10 in Dodging
   521 | D        | Reached XP level 10. HP: 110/110 MP: 9/9
   539 | D        | Got the ring of Waute {Ice MR++ MP-9}
   541 | D        | Got the ring of Cifurghi {Fire +Blink rElec Str-5 Dex+4}
   556 | D        | Entered arena 11.
   556 | D        | Noticed a death scarab
   556 | D        | Noticed a greater mummy
   560 | D        | Noticed a mana viper
   560 | D        | Found a transporter.
   565 | D        | Reached skill level 12 in Unarmed Combat
   570 | D        | Killed a death scarab
   574 | D        | Noticed a mana viper
   574 | D        | Noticed a mana viper
   576 | D        | Killed a greater mummy
   576 | D        | Reached skill level 13 in Unarmed Combat
   576 | D        | Reached XP level 11. HP: 28/123 MP: 2/10
   709 | D        | Entered arena 12.
   709 | D        | Noticed a wretched star
   712 | D        | Found a transporter.
   712 | D        | Noticed a thrashing horror
   716 | D        | Killed a wretched star
   720 | D        | Killed a thrashing horror
   720 | D        | Reached skill level 14 in Unarmed Combat
   764 | D        | Entered arena 13.
   764 | D        | Noticed a deep elf knight
   764 | D        | Noticed a deep elf knight
   764 | D        | Noticed a deep elf knight
   764 | D        | Noticed a halberd of venom
   765 | D        | Noticed a deep elf master archer
   765 | D        | Noticed a deep elf annihilator
   765 | D        | Noticed a deep elf mage
   766 | D        | Noticed a deep elf knight
   766 | D        | Noticed a deep elf archer
   767 | D        | Found a transporter.
   771 | D        | Killed a deep elf knight
   776 | D        | Killed a deep elf knight
   778 | D        | Killed a deep elf annihilator
   779 | D        | Killed a deep elf knight
   779 | D        | Killed a deep elf master archer
   779 | D        | Reached XP level 12. HP: 82/133 MP: 11/11
   779 | D        | Reached skill level 15 in Unarmed Combat
   905 | D        | Entered arena 14.
   906 | D        | Noticed a green draconian
   906 | D        | Noticed a red draconian
   906 | D        | Noticed a green draconian
   906 | D        | Noticed a purple draconian
   906 | D        | Noticed a green draconian
   907 | D        | Noticed a black draconian
   907 | D        | Noticed a white draconian
   907 | D        | Noticed a red draconian
   907 | D        | Noticed a red draconian
   907 | D        | Noticed a black draconian
   907 | D        | Noticed a black draconian
   911 | D        | Killed a red draconian
   912 | D        | Killed a purple draconian
   914 | D        | Killed a black draconian
   914 | D        | Noticed a black draconian
   916 | D        | Killed a red draconian
   917 | D        | Killed a white draconian
   920 | D        | Found a transporter.
   921 | D        | Killed a red draconian
   921 | D        | Killed a green draconian
   921 | D        | Reached skill level 10 in Armour
   921 | D        | Reached skill level 10 in Shields
   921 | D        | Reached skill level 16 in Unarmed Combat
   922 | D        | Killed a black draconian
   923 | D        | Killed a black draconian
   924 | D        | Killed a green draconian
   926 | D        | Killed a black draconian
   926 | D        | Reached XP level 13. HP: 126/146 MP: 12/12
   929 | D        | Killed a green draconian
   986 | D        | Got the amulet of Pouto {Harm *Drain Dex+4}
  1001 | D        | Entered arena 15.
  1017 | D        | Found a transporter.
  1048 | D        | Got the amulet "Mailifirgh" {RegenMP *Corrode +Fly Int+6 Dex+6}
  1071 | D        | Entered arena 16.
  1074 | D        | Noticed an entropy weaver
  1081 | D        | Reached skill level 17 in Unarmed Combat
  1084 | D        | Found a transporter.
  1085 | D        | Killed an entropy weaver
  1143 | D        | Entered arena 17.
  1143 | D        | Noticed a vampire knight
  1149 | D        | Noticed a vampire knight
  1160 | D        | Reached skill level 15 in Fighting
  1160 | D        | Reached skill level 15 in Dodging
  1161 | D        | Killed a vampire knight
  1165 | D        | Killed a vampire knight
  1165 | D        | Reached skill level 10 in Stealth
  1181 | D        | Found a transporter.
  1209 | D        | Entered arena 18.
  1212 | D        | Noticed a tentacled starspawn
  1212 | D        | Noticed a red very ugly thing
  1213 | D        | Noticed a tentacled starspawn
  1216 | D        | Found a transporter.
  1220 | D        | Lost intelligence.
  1223 | D        | Killed a tentacled starspawn
  1225 | D        | Killed a red very ugly thing
  1227 | D        | Killed a tentacled starspawn
  1227 | D        | Reached skill level 18 in Unarmed Combat
  1278 | D        | Got the ring of Lugonu's Supremacy {rCorr rF+ rC- SInv}
  1305 | D        | Entered arena 19.
  1308 | D        | Noticed a spriggan defender
  1308 | D        | Noticed a thorn hunter
  1309 | D        | Noticed an apis
  1310 | D        | Noticed a dire elephant
  1315 | D        | Reached XP level 14. HP: 130/159 MP: 13/13
  1317 | D        | Noticed an apis
  1326 | D        | Killed a thorn hunter
  1336 | D        | Killed an apis
  1341 | D        | Killed a spriggan defender
  1343 | D        | Killed an apis
  1354 | D        | Reached skill level 19 in Unarmed Combat
  1550 | D        | Found a transporter.
  1571 | D        | Got the ring "Miocixan" {rPois rN+ Str+3}
  1583 | D        | Got the ring of Fimm {Wiz Str+6 Slay+4}
  1611 | D        | Entered arena 20.
  1635 | D        | Noticed a nagaraja
  1642 | D        | HP: 2/163 [naga warrior/the +10 flail of Fufoasta {elec, rPois rF+} (17)]
  1642 | D        | Identified the +10 flail of Fufoasta {elec, rPois rF+}
  1642 | D        | Slain by a naga warrior

Vault maps used:
D:        sprint_v

Skill      XL: |  1  2  3  4  5  6  7  8  9 10 11 12 13 14 |
---------------+-------------------------------------------+-----
Fighting       | 3 4 5 6 7 9 10 11 12 14 15 16 | 16.7
Armour         | 1 2 3 4 5 6 8 9 10 11 12 | 12.3
Dodging        | 3 4 5 6 7 8 9 10 11 12 14 15 16 | 16.7
Shields        | 1 2 3 4 5 6 8 9 10 11 12 | 12.3
Unarmed Combat | 4 5 6 7 8 9 10 11 13 14 16 18 19 | 19.3
Stealth        | 4 6 7 9 10 | 10.8

Action                   |  1- 3 |  4- 6 |  7- 9 | 10-12 | 13-15 || total
-------------------------+-------+-------+-------+-------+-------++-------
Melee: Unarmed           |    18 |    33 |   112 |   130 |   252 ||   545
Invok: Heavenly Storm    |       |       |     2 |     4 |     6 ||    12
       Serpent's Lash    |       |       |       |     3 |     4 ||     7
Evoke: Wand              |       |       |       |     1 |       ||     1
  Use: Potion            |     1 |       |       |     1 |    10 ||    12
       Scroll            |       |       |       |       |     1 ||     1
  Eat: Chunk             |       |       |     6 |     8 |     7 ||    21
Armor: Robe              |     3 |     1 |       |       |       ||     4
       Gold dragon scale |       |    11 |    49 |    20 |    90 ||   170
Dodge: Dodged            |     8 |     1 |     7 |    11 |    34 ||    61
Block: Shield            |       |    25 |    99 |    93 |   265 ||   482
       Reflection        |       |       |       |       |    11 ||    11
